Map: Divergence LE

Players

IIIIIIIIIIII

  • Race: Terran Terran
  • League: Diamond
  • Spawn Location: 11:00

stukov

  • Race: Zerg Zerg
  • League: Platinum
  • Spawn Location: 11:00

kasm - Winner!

  • Race: Zerg Zerg
  • League: Diamond
  • Spawn Location: 5:00

PeLLy - Winner!

  • Race: Zerg Zerg
  • League: Diamond
  • Spawn Location: 5:00

VOD

Have the link to the VOD?

Description

Time

  • Played on: July 28, 2019, 2:08 p.m.
  • Length: 10:56
Show
View Real Time Build Order
Export as new Build Order

IIIIIIIIIIII Terran 

Build Orders:  

Get SALT Encoding   

  12  0:01  SCV  
  13  0:13  SCV  
  14  0:21  Supply Depot  
  14  0:25  SCV  
  15  0:33  Refinery  
  15  0:43  SCV  
  15  0:45  Barracks  
  16  0:55  SCV  
  17  1:07  SCV  
  18  1:19  SCV  
  19  1:32  Orbital Command  
  19  1:33  Barracks Reactor  
  19  1:34  Supply Depot  
  19  2:00  Command Center  
  19  2:02  SCV  
  20  2:10  Marine x2  
  20  2:13  Supply Depot  
  20  2:14  SCV  
  23  2:24  Barracks  
  23  2:27  Marine  
  23  2:28  Marine  
  25  2:33  SCV  
  26  2:45  SCV, Marine x2  
  26  2:48  Supply Depot  
  29  3:03  Marine x2, Barracks  
  31  3:07  SCV  
  32  3:18  Barracks Reactor  
  32  3:19  SCV  
  33  3:21  Marine  
  33  3:22  Marine  
  35  3:31  SCV  
  36  3:36  Barracks  
  36  3:38  Barracks  
  36  3:39  Marine  
  36  3:40  Marine  
  38  3:43  SCV  
  38  3:46  Orbital Command  
  39  3:56  Marine  
  39  3:57  Marine x2  
  39  3:58  Marine  
  37  4:08  Barracks Reactor  
  31  4:14  Marine  
  31  4:15  Marine x3  
  31  4:23  Marine  
  29  4:29  Marine  
  28  4:33  Marine x2  
  29  4:41  Marine  
  26  4:47  Marine  
  26  4:51  Marine x2  
  26  4:52  Marine x2  
  28  4:59  SCV x2  
    7:46  Orbital Command  
    8:17  SCV  
  1  8:24  Marine  
  2  8:30  SCV  
  3  8:39  Supply Depot  
  3  8:42  SCV  
  3  8:43  Marine  
  6  8:52  Supply Depot  
  6  8:54  SCV  
  7  9:01  Marine  
  6  9:03  Barracks  
  6  9:06  SCV  
  7  9:14  Barracks  
  7  9:18  SCV  
  7  9:19  Marine  
  9  9:30  SCV  
  10  9:35  Barracks  
  10  9:36  Barracks  
  10  9:37  Marine  
  11  9:42  SCV  
  12  9:55  Marine  
  7  10:12  Marine  
Show
View Real Time Build Order
Export as new Build Order

stukov Zerg 

Build Orders: Pool First 

Get SALT Encoding   

  12  0:14  Drone  
  12  0:15  Overlord  
  12  0:17  Drone  
  14  0:34  Drone  
  15  0:36  Drone  
  16  0:48  Spawning Pool  
  15  0:50  Drone  
  15  0:55  Extractor  
  15  0:58  Drone  
  16  1:08  Drone  
  17  1:19  Drone  
  18  1:30  Hatchery  
  17  1:36  Zergling x2  
  17  1:38  Queen  
  20  1:42  Zergling x2  
  21  1:54  Zergling x2  
  22  2:05  Overlord  
  22  2:14  Metabolic Boost  
  22  2:19  Overlord  
  22  2:23  Extractor  
  22  2:26  Baneling Nest  
  20  2:31  Drone  
  21  2:54  Zergling x2  
  21  2:55  Zergling x8  
  21  2:58  Drone x2  
  28  3:02  Pneumatized Carapace  
  28  3:07  Drone  
  29  3:16  Drone  
  30  3:20  Lair  
  30  3:25  Drone  
  30  3:26  Drone  
  32  3:30  Drone  
  33  3:43  Drone  
  34  3:58  Evolution Chamber  
    6:24  Overlord x2  
Show
View Real Time Build Order
Export as new Build Order

kasm Zerg - Winner!

Build Orders: Pool First 

Get SALT Encoding   

  12  0:18  Drone  
  13  0:22  Drone x2, Extractor x2  
  15  0:35  Spawning Pool  
  14  0:44  Extractor  
  14  0:46  Drone  
  14  0:58  Overlord  
  14  1:25  Drone x2  
  16  1:26  Hatchery  
  16  1:27  Drone  
  16  1:40  Queen  
  18  2:02  Metabolic Boost  
  18  2:27  Baneling Nest  
  17  2:37  Zergling x6  
  20  2:47  Zergling x2  
  21  2:55  Overlord x2  
  21  3:12  Overlord  
  21  3:13  Queen  
  21  3:14  Zergling x2  
  21  3:15  Zergling x6  
  27  3:27  Zergling x4  
  29  3:32  Baneling  
  29  3:33  Baneling x6  
  28  3:34  Zergling x2  
  28  3:40  Zergling x2  
  30  3:47  Zergling x4  
  28  4:06  Zergling x2  
  28  4:07  Zergling x8  
  31  4:12  Zergling x2  
  32  4:22  Zergling x4  
  31  4:42  Zergling x10  
  33  4:53  Zergling x2  
  33  4:54  Zergling x2  
  35  5:21  Lair  
  35  5:25  Extractor  
  35  5:28  Drone x5  
  39  6:14  Drone x4  
  39  6:15  Drone  
  39  6:18  Extractor  
  43  6:19  Drone x2, Extractor  
  43  6:21  Overlord x2  
  44  6:44  Spire  
  43  8:00  Corruptor x5  
  43  8:01  Corruptor  
  55  8:13  Zergling x2  
  56  8:26  Corruptor  
Show
View Real Time Build Order
Export as new Build Order

PeLLy Zerg - Winner!

Build Orders: Hatch First 

Get SALT Encoding   

  12  0:00  Drone  
  13  0:13  Overlord  
  13  0:19  Drone  
  14  0:32  Drone x2  
  16  0:36  Drone  
  17  0:59  Drone x2  
  17  1:00  Hatchery  
  18  1:09  Extractor  
  17  1:15  Spawning Pool  
  16  1:19  Drone  
  16  1:20  Drone  
  18  1:28  Drone  
  19  1:50  Overlord  
  19  1:54  Drone  
  20  2:04  Zergling x2  
  20  2:07  Queen  
  23  2:12  Queen  
  23  2:13  Zergling x2  
  23  2:14  Zergling x2  
  27  2:23  Zergling x2  
  27  2:26  Zergling x2  
  29  2:30  Baneling Nest  
  29  2:33  Metabolic Boost  
  28  2:52  Zergling x8  
  32  3:00  Overlord  
  32  3:01  Zergling x2  
  33  3:11  Zergling x2  
  33  3:12  Zergling x2  
  35  3:18  Overlord  
  35  3:20  Zergling x2  
  36  3:30  Baneling  
  36  3:31  Baneling x4  
  36  3:40  Zergling x14  
  40  4:21  Zergling x2  
  40  4:22  Zergling x14  
  44  4:43  Zergling x8  
  43  5:19  Lair  
  43  5:21  Drone x6  
  47  5:34  Drone, Extractor  
  47  5:36  Extractor  
  47  5:39  Extractor  
  44  5:44  Queen  
  46  6:34  Spire  
  45  6:56  Drone x6  
  51  7:07  Overlord x5  
  51  7:26  Drone x6  
  51  7:27  Drone  
  58  7:49  Corruptor x7  
  72  8:00  Hatchery  
  71  8:11  Corruptor x3  
  77  8:26  Corruptor x2  
  81  8:47  Extractor  
  80  8:49  Extractor  
  79  8:59  Corruptor x3  
  85  9:29  Corruptor  
  85  9:30  Corruptor x3  
  93  10:11  Corruptor  
  93  10:12  Corruptor  
  97  10:32  Overlord x3  
Tags
 
Add a new tag
Caveats
  • Supply blocks, unpowered buildings, or Contaminate may cause inaccurate times.
  • Supply counts are checked every 10 seconds.